[Event "11th LCC FIDE Open 2019"]
[Site "London"]
[Date "2019.11.30"]
[Round "3.1"]
[White "Aravindh, Chithambaram VR."]
[Black "Percivaldi, Martin"]
[Result "1-0"]
[ECO "C42"]
[WhiteElo "2605"]
[BlackElo "2384"]
[Annotator "RC"]
[PlyCount "137"]
[EventDate "2019.11.29"]
[EventType "swiss"]
[EventCountry "ENG"]
[SourceTitle "playchess.com"]
[Source "ChessBase"]
[SourceQuality "1"]
[TimeControl "40/5400+30:1800+30"]

1. e4 e5 2. Nf3 Nf6 3. Nxe5 d6 4. Nf3 Nxe4 5. c4 Nc6 6. Nc3 Nxc3 7. dxc3 Be7 8. Bd3 Be6 9. O-O O-O 10. Qc2 h6 11. Bf4 Qd7 12. Rad1 Rad8 13. Rfe1 Qc8 14. Bh7+ Kh8 15. Be4 Rfe8 16. b3 Kg8 17. Re2 Bf6 18. Rde1 Ne7 19. Bd2 Kf8 20. Nd4 Bxd4 21. cxd4 Bf5 22. d5 Bxe4 23. Rxe4 Ng6 24. Bc3 Kg8 25. h3 Qd7 26. Qe2 Rxe4 27. Qxe4 b6 28. Re3 Rf8 29. Kh2 Kh7 30. Qd4 f6 31. Re6 Rf7 32. Qd3 f5 33. g3 Nf8 34. Qe3 a5 35. h4 Ng6 36. h5 Ne7 37. Qd3 Qd8 38. Kg2 Ng8 39. f4 Kh8 40. Kf3 Qf8 41. Qe3 Rd7 42. g4 fxg4+ 43. Kxg4 Qf7 44. Qe4 Rd8 45. Rg6 Rd7 46. Rxg7 Qxg7+ 47. Bxg7+ Rxg7+ 48. Kf3 Rf7 49. Qg6 Rf6 50. Qg4 Rf7 51. Ke2 Rg7 52. Qf5 Re7+ 53. Kd3 Kg7 54. Kc3 Rf7 55. Qg4+ Kf8 56. Qc8+ Kg7 57. Kb2 Re7 58. Ka3 Rf7 59. Ka4 Re7 60. Kb5 Rf7 61. Ka6 Re7 62. Kb7 Nf6 63. Qf5 Ng8 64. Qg4+ Kf8 65. Kc8 Rg7 66. Qe6 Re7 67. Qh3 Rf7 68. Kd8 Nf6 69. Qf5 1-0

[Event "11th LCC FIDE Open 2019"]
[Site "London"]
[Date "2019.11.30"]
[Round "3.3"]
[White "Praggnanandhaa R"]
[Black "Bates, Richard A"]
[Result "1-0"]
[ECO "B91"]
[WhiteElo "2586"]
[BlackElo "2342"]
[Annotator "RC"]
[PlyCount "79"]
[EventDate "2019.11.29"]
[EventType "swiss"]
[EventCountry "ENG"]
[SourceTitle "playchess.com"]
[Source "ChessBase"]
[SourceQuality "1"]
[TimeControl "40/5400+30:1800+30"]

1. e4 c5 2. Nf3 d6 3. d4 cxd4 4. Nxd4 Nf6 5. Nc3 a6 6. g3 e5 7. Nde2 Nbd7 8. a4 b6 9. Nd5 Nxd5 10. Qxd5 Rb8 11. Nc3 Nc5 12. Bg2 Be7 13. O-O O-O 14. Be3 Kh8 15. Qd2 f5 16. exf5 Bxf5 17. Nd5 Qd7 18. b4 Ne4 19. Qe2 Nf6 20. Nxb6 Qc7 21. Qxa6 Qxc2 22. Qa7 Rbe8 23. Rac1 Qb3 24. Rc7 Qe6 25. a5 Be4 26. Bxe4 Nxe4 27. Qb7 Nf6 28. Bg5 e4 29. a6 Qh3 30. Bxf6 Bxf6 31. Nd7 e3 32. Qg2 exf2+ 33. Kh1 Qf5 34. Nxf8 Re1 35. Rc1 Bc3 36. a7 Rxc1 37. Rxc1 Be1 38. Ng6+ hxg6 39. a8=Q+ Kh7 40. Qa6 1-0

[Event "11th LCC FIDE Open 2019"]
[Site "London"]
[Date "2019.11.30"]
[Round "3.4"]
[White "Zujev, Oleg"]
[Black "Smirnov, Anton"]
[Result "0-1"]
[ECO "D10"]
[WhiteElo "2316"]
[BlackElo "2573"]
[Annotator "RC"]
[PlyCount "68"]
[EventDate "2019.11.29"]
[EventType "swiss"]
[EventCountry "ENG"]
[SourceTitle "playchess.com"]
[Source "ChessBase"]
[SourceQuality "1"]
[TimeControl "40/5400+30:1800+30"]

1. d4 d5 2. c4 c6 3. Nc3 dxc4 4. e3 b5 5. a4 b4 6. Ne4 Qd5 7. Ng3 Nf6 8. Be2 e5 9. Nf3 exd4 10. exd4 Bd6 11. Nf1 c3 12. bxc3 Ne4 13. c4 Qe6 14. Bb2 O-O 15. Ne3 Bf4 16. Qb3 Re8 17. Ne5 Nd7 18. Bg4 Qh6 19. Bxd7 Bxd7 20. Qd3 Bxe5 21. dxe5 Qf4 22. O-O Rad8 23. Rad1 h6 24. a5 Bg4 25. Qxd8 Rxd8 26. Rxd8+ Kh7 27. Nxg4 Qxg4 28. f3 Qg5 29. Rd3 Nc5 30. f4 Qf5 31. Rd6 Nd3 32. Bd4 c5 33. Be3 Qe4 34. Rf3 b3 0-1

[Event "11th LCC FIDE Open 2019"]
[Site "London"]
[Date "2019.11.30"]
[Round "3.8"]
[White "Cumming, Rhys"]
[Black "Petrov, Martin"]
[Result "0-1"]
[ECO "B51"]
[WhiteElo "2284"]
[BlackElo "2497"]
[Annotator "RC"]
[PlyCount "60"]
[EventDate "2019.11.29"]
[EventType "swiss"]
[EventCountry "ENG"]
[SourceTitle "playchess.com"]
[Source "ChessBase"]
[SourceQuality "1"]
[TimeControl "40/5400+30:1800+30"]

1. e4 c5 2. Nf3 d6 3. Bb5+ Nd7 4. O-O a6 5. Bd3 Ngf6 6. Re1 e6 7. c3 b5 8. a4 c4 9. Bc2 Bb7 10. axb5 axb5 11. Rxa8 Qxa8 12. Na3 Bxe4 13. Bxe4 Nxe4 14. Nxb5 Qb7 15. Qa4 d5 16. Rxe4 dxe4 17. Ne5 Bc5 18. Nxd7 Kxd7 19. d4 Ra8 20. Na7+ Ke7 21. dxc5 Qxa7 22. Qxc4 Rd8 23. g3 Rd1+ 24. Kg2 Rxc1 25. c6 Rc2 26. Qb4+ Kf6 27. Kh3 Qxf2 28. Qxe4 Qxh2+ 29. Kg4 h5+ 30. Kf4 g5+ {[%emt 0:00:52] Ke5+ Kxe5} 0-1

[Event "11th LCC FIDE Open 2019"]
[Site "London"]
[Date "2019.11.30"]
[Round "3.21"]
[White "Ethelontis, Alexandros N"]
[Black "Zapolskis, Antanas"]
[Result "1-0"]
[ECO "A27"]
[WhiteElo "2139"]
[BlackElo "2280"]
[Annotator "RC"]
[PlyCount "51"]
[EventDate "2019.11.29"]
[EventType "swiss"]
[EventCountry "ENG"]
[SourceTitle "playchess.com"]
[Source "ChessBase"]
[SourceQuality "1"]
[TimeControl "40/5400+30:1800+30"]

1. c4 e5 2. g3 Nc6 3. Nc3 f5 4. Nf3 Nf6 5. d4 e4 6. Nh4 d6 7. Bg5 Be7 8. Bh3 Ng4 9. Bxe7 Qxe7 10. Nd5 Qf7 11. f3 Nf6 12. fxe4 Nxe4 13. O-O g6 14. Bg2 Nf6 15. e4 Nxd5 16. cxd5 Ne7 17. Rc1 Ng8 18. Rc3 Nf6 19. Qc1 Kd8 20. exf5 g5 21. Qxg5 Rg8 22. Qh6 Nxd5 23. Bxd5 Qxd5 24. Qf6+ Kd7 25. Re1 c5 26. Rxc5 1-0

[Event "11th LCC FIDE Open 2019"]
[Site "London"]
[Date "2019.11.30"]
[Round "3.22"]
[White "Semprun Martinez, Fernando"]
[Black "Berry, Neil"]
[Result "0-1"]
[ECO "C99"]
[WhiteElo "2071"]
[BlackElo "2250"]
[Annotator "RC"]
[PlyCount "86"]
[EventDate "2019.11.29"]
[EventType "swiss"]
[EventCountry "ENG"]
[SourceTitle "playchess.com"]
[Source "ChessBase"]
[SourceQuality "1"]
[TimeControl "40/5400+30:1800+30"]

1. e4 e5 2. Nf3 Nc6 3. Bb5 a6 4. Ba4 Nf6 5. O-O Be7 6. Re1 b5 7. Bb3 d6 8. c3 O-O 9. h3 Na5 10. Bc2 c5 11. d4 Qc7 12. Nbd2 cxd4 13. cxd4 Bd7 14. Nf1 Rfe8 15. Ne3 Rac8 16. Bd3 Nc6 17. d5 Nb4 18. Bb1 a5 19. a3 Na6 20. Bd2 a4 21. Bc2 Bd8 22. Rc1 Qb7 23. Bb4 Nc5 24. Nd2 Bb6 25. Qf3 Rc7 26. Bb1 Qc8 27. Rc3 Nb7 28. Rec1 Rxc3 29. Rxc3 Qd8 30. Bd3 Nc5 31. Be2 g6 32. b3 axb3 33. Bd1 b2 34. Bc2 Qe7 35. Nd1 Na6 36. Nxb2 Bd4 37. Nd1 Nxb4 38. axb4 Bxc3 39. Nxc3 Rc8 40. Ndb1 Ne8 41. Bd3 Qg5 42. Ne2 Ra8 43. Kh2 Ra4 0-1

[Event "11th LCC FIDE Open 2019"]
[Site "London"]
[Date "2019.11.30"]
[Round "3.23"]
[White "Drastik, Penelope"]
[Black "Papadiamandis, Elliot"]
[Result "0-1"]
[ECO "D80"]
[WhiteElo "1759"]
[BlackElo "2220"]
[Annotator "RC"]
[PlyCount "90"]
[EventDate "2019.11.29"]
[EventType "swiss"]
[EventCountry "ENG"]
[SourceTitle "playchess.com"]
[Source "ChessBase"]
[SourceQuality "1"]
[TimeControl "40/5400+30:1800+30"]

1. d4 Nf6 2. c4 g6 3. Nc3 d5 4. Bg5 Bg7 5. Bxf6 Bxf6 6. cxd5 c6 7. Rc1 O-O 8. dxc6 Qb6 9. e3 Qxb2 10. cxb7 Bxb7 11. Nge2 Qb6 12. Nf4 e5 13. dxe5 Bxe5 14. Qb3 Rc8 15. Bc4 Qxb3 16. axb3 Bxf4 17. exf4 Bxg2 18. Rg1 Bc6 19. f5 Kf8 20. f4 Nd7 21. fxg6 hxg6 22. Kf2 Nf6 23. Rg5 Rd8 24. Re1 Rd4 25. Ke3 Rd7 26. Ra1 Re8+ 27. Kf2 Rd2+ 28. Kf1 Re7 29. Ra6 Rc7 30. Ke1 Rxh2 31. Rc5 Re7+ 32. Re5 Rc7 33. Rc5 Rh1+ 34. Kd2 Rd7+ 35. Kc2 Ne4 36. Nxe4 Bxe4+ 37. Kc3 Rh3+ 38. Kb4 Rf3 39. Rca5 Rxf4 40. Rxa7 Rxa7 41. Rxa7 g5 42. Kc5 g4 43. b4 g3 44. b5 g2 45. Ra1 Rh4 0-1

[Event "11th LCC FIDE Open 2019"]
[Site "London"]
[Date "2019.11.30"]
[Round "3.24"]
[White "Bukojemski, Adam"]
[Black "Ahn, Sungmin"]
[Result "1-0"]
[ECO "B41"]
[WhiteElo "2211"]
[BlackElo "1780"]
[Annotator "RC"]
[PlyCount "107"]
[EventDate "2019.11.29"]
[EventType "swiss"]
[EventCountry "ENG"]
[SourceTitle "playchess.com"]
[Source "ChessBase"]
[SourceQuality "1"]
[TimeControl "40/5400+30:1800+30"]

1. e4 c5 2. Nf3 e6 3. c4 a6 4. Nc3 Nc6 5. Be2 Nf6 6. d4 cxd4 7. Nxd4 Qc7 8. O-O Bd6 9. g3 Nxd4 10. Qxd4 b6 11. Be3 Be5 12. Qxb6 Qxb6 13. Bxb6 Bxc3 14. bxc3 Nxe4 15. Bd4 f6 16. f3 Ng5 17. Rab1 d6 18. Rb6 Kd7 19. h4 Nf7 20. f4 e5 21. Bf2 Re8 22. Bd1 Kc7 23. Ba4 Bb7 24. Bxe8 Rxe8 25. Rfb1 Bc8 26. Rb8 Nd8 27. fxe5 Rxe5 28. R8b2 Nc6 29. Bb6+ Kd7 30. Rd1 Ke7 31. Bc7 Re6 32. Rbd2 Re3 33. Bxd6+ Kf7 34. Rd3 Re4 35. c5 Be6 36. R3d2 Rc4 37. Rb1 Rxc3 38. Rb7+ Kg6 39. Rb6 Na5 40. Rxa6 Nc4 41. Rd4 Ne3 42. Kf2 Ng4+ 43. Ke1 Rc2 44. Bf4 Bxa2 45. Rd2 Rc1+ 46. Rd1 Rc2 47. Rc1 Rg2 48. c6 Bd5 49. h5+ Kxh5 50. Ra5 g5 51. Rxd5 Nh2 52. g4+ Kxg4 53. Bxh2 Rxh2 54. c7 1-0

[Event "11th LCC FIDE Open 2019"]
[Site "London"]
[Date "2019.11.30"]
[Round "3.28"]
[White "Stoyanov, Viktor"]
[Black "Nilssen, Ellen Fredericia"]
[Result "1/2-1/2"]
[ECO "A16"]
[WhiteElo "2272"]
[BlackElo "2004"]
[Annotator "RC"]
[PlyCount "122"]
[EventDate "2019.11.29"]
[EventType "swiss"]
[EventCountry "ENG"]
[SourceTitle "playchess.com"]
[Source "ChessBase"]
[SourceQuality "1"]
[TimeControl "40/5400+30:1800+30"]

1. c4 Nf6 2. Nf3 g6 3. Nc3 d5 4. cxd5 Nxd5 5. d3 Bg7 6. Bd2 O-O 7. g3 Nc6 8. Bg2 Nb6 9. O-O a5 10. Ne1 Bd7 11. Nc2 Qc8 12. Re1 Nd4 13. Nxd4 Bxd4 14. Qc2 c6 15. Rab1 Bh3 16. Bh1 h5 17. Ne4 h4 18. e3 Bg7 19. Bc3 hxg3 20. hxg3 Nd5 21. Bd2 Be5 22. d4 Bc7 23. Ng5 Nf6 24. Rbc1 Kg7 25. e4 Bb6 26. Qd3 Qd7 27. Be3 Ng4 28. Nxh3 Nxe3 29. Qxe3 Qxh3 30. Qc3 Kg8 31. Red1 Rfd8 32. Rd3 Rd7 33. Bg2 Qe6 34. Re1 Qxa2 35. d5 cxd5 36. exd5 Qa4 37. Re4 Qa1+ 38. Re1 Qa4 39. Qe5 Bc7 40. Qe3 Bd6 41. Rc1 Qg4 42. Rd4 Qf5 43. Rdc4 Rdd8 44. Qb6 Qd7 45. Kh2 Qf5 46. Kg1 Qd7 47. R1c3 Rdc8 48. Rxc8+ Rxc8 49. Qxa5 Rxc3 50. bxc3 Qc7 51. Qxc7 Bxc7 52. d6 exd6 53. Bxb7 g5 54. Kg2 Bb6 55. Kf3 Kg7 56. g4 Bc5 57. Ke2 Bb6 58. f3 f6 59. Kd3 Kf7 60. Ke4 Ke7 61. Kd5 Bg1 1/2-1/2

[Event "11th LCC FIDE Open 2019"]
[Site "London"]
[Date "2019.11.30"]
[Round "3.29"]
[White "Wilks, Simon"]
[Black "McClement, Andrew"]
[Result "1/2-1/2"]
[ECO "B52"]
[WhiteElo "2071"]
[BlackElo "2226"]
[Annotator "RC"]
[PlyCount "95"]
[EventDate "2019.11.29"]
[EventType "swiss"]
[EventCountry "ENG"]
[SourceTitle "playchess.com"]
[Source "ChessBase"]
[SourceQuality "1"]
[TimeControl "40/5400+30:1800+30"]

1. e4 c5 2. Nf3 d6 3. Bb5+ Bd7 4. Bxd7+ Qxd7 5. c4 Nf6 6. Nc3 g6 7. d4 cxd4 8. Nxd4 Bg7 9. f3 O-O 10. Be3 Rc8 11. b3 a6 12. Rc1 Nc6 13. Nxc6 Rxc6 14. a4 Qd8 15. Qd2 Nd7 16. O-O Nc5 17. Rb1 Ne6 18. Nd5 Rb8 19. a5 Nc5 20. Rfc1 e6 21. Nb6 Nd7 22. Na4 Qe7 23. Rd1 Rbc8 24. Nb6 Nxb6 25. Bxb6 Qf6 26. Qe3 Qe5 27. Rd3 Bf8 28. Rbd1 Qh5 29. Qd2 Qh4 30. g3 Qh3 31. Qe2 Qh5 32. R1d2 Qe5 33. f4 Qa1+ 34. Rd1 Qa3 35. Qf3 Qb2 36. f5 exf5 37. exf5 Re8 38. fxg6 hxg6 39. Rf1 Re7 40. Bd4 Qe2 41. Qf6 Qh5 42. Qf4 Bh6 43. Qf6 Bf8 44. Qf4 Bh6 45. Qf6 Bf8 46. Qf4 Bh6 47. Qf6 Bf8 48. Rdf3 1/2-1/2

[Event "11th LCC FIDE Open 2019"]
[Site "London"]
[Date "2019.11.30"]
[Round "3.30"]
[White "Akots, Gabor"]
[Black "Ifalore, Michael"]
[Result "1/2-1/2"]
[ECO "C77"]
[WhiteElo "2221"]
[BlackElo "1989"]
[Annotator "RC"]
[PlyCount "48"]
[EventDate "2019.11.29"]
[EventType "swiss"]
[EventCountry "ENG"]
[SourceTitle "playchess.com"]
[Source "ChessBase"]
[SourceQuality "1"]
[TimeControl "40/5400+30:1800+30"]

1. e4 e5 2. Nf3 Nc6 3. Bb5 a6 4. Ba4 Nf6 5. Nc3 d6 6. Bxc6+ bxc6 7. d4 exd4 8. Nxd4 Bd7 9. Qf3 Qe7 10. Bg5 Qe5 11. Bxf6 Qxf6 12. Qxf6 gxf6 13. O-O O-O-O 14. Rad1 Rg8 15. f4 Re8 16. f5 Bh6 17. Rf3 c5 18. Nde2 Bc6 19. Ng3 Rg4 20. h3 Rh4 21. Rdf1 Bd2 22. Nb1 Bg5 23. Nc3 Bd2 24. Nb1 Bg5 1/2-1/2

[Event "11th LCC FIDE Open 2019"]
[Site "London"]
[Date "2019.11.30"]
[Round "3.31"]
[White "Dong, Bao Nghia"]
[Black "Modi, Kishan Jagdish"]
[Result "1-0"]
[ECO "D24"]
[WhiteElo "2217"]
[BlackElo "1978"]
[Annotator "RC"]
[PlyCount "121"]
[EventDate "2019.11.29"]
[EventType "swiss"]
[EventCountry "ENG"]
[SourceTitle "playchess.com"]
[Source "ChessBase"]
[SourceQuality "1"]
[TimeControl "40/5400+30:1800+30"]

1. d4 d5 2. c4 dxc4 3. Nc3 a6 4. a4 Nc6 5. e3 Na5 6. Nf3 Nf6 7. Ne5 e6 8. Nxc4 Nxc4 9. Bxc4 c5 10. O-O Be7 11. d5 exd5 12. Nxd5 Nxd5 13. Bxd5 O-O 14. Ra3 Qc7 15. Rd3 Rb8 16. e4 b5 17. Qh5 Bf6 18. f4 Bd4+ 19. Kh1 Be6 20. f5 Bxd5 21. exd5 Rb6 22. a5 Rf6 23. b4 h6 24. bxc5 Qxc5 25. Qg4 Be5 26. Ba3 Qc4 27. Qxc4 bxc4 28. Re3 Bd6 29. Bb2 Bc5 30. Rg3 Be7 31. Bxf6 Bxf6 32. Rc1 Rd8 33. Rxc4 Rxd5 34. Kg1 Rxa5 35. Rf3 Rc5 36. Rxc5 Bd4+ 37. Kf1 Bxc5 38. Rc3 Bb4 39. Rc8+ Kh7 40. Rc7 f6 41. g4 Bd6 42. Rc2 h5 43. h3 hxg4 44. hxg4 Kh6 45. Kg2 g6 46. Kf3 a5 47. Rc6 Be5 48. Ra6 Bc3 49. Ra7 gxf5 50. gxf5 Kh5 51. Ke4 Kg5 52. Rg7+ Kh5 53. Kd5 Bb2 54. Ra7 Bc3 55. Rc7 Bb2 56. Rc2 Ba1 57. Rc5 Kg5 58. Ke6 a4 59. Ra5 Be5 60. Rxa4 Kh6 61. Rg4 1-0

[Event "11th LCC FIDE Open 2019"]
[Site "London"]
[Date "2019.11.30"]
[Round "3.32"]
[White "Rocco, Federico"]
[Black "Pellicoro, Nathalie"]
[Result "1-0"]
[ECO "B47"]
[WhiteElo "2207"]
[BlackElo "1967"]
[Annotator "RC"]
[PlyCount "73"]
[EventDate "2019.11.29"]
[EventType "swiss"]
[EventCountry "ENG"]
[SourceTitle "playchess.com"]
[Source "ChessBase"]
[SourceQuality "1"]
[TimeControl "40/5400+30:1800+30"]

1. e4 c5 2. Nf3 e6 3. d4 cxd4 4. Nxd4 Nc6 5. Nc3 Qc7 6. g3 Nf6 7. Bg2 a6 8. O-O Be7 9. Kh1 O-O 10. f4 Rd8 11. Be3 b5 12. e5 Ne8 13. Nxc6 dxc6 14. Qf3 Bb7 15. f5 Qxe5 16. fxe6 f6 17. Rae1 Qc7 18. Ne4 Rd5 19. b3 b4 20. c4 bxc3 21. Nxc3 Rd3 22. Na4 Rad8 23. Qe4 R3d5 24. Bb6 Qd6 25. Bxd8 Qxd8 26. Nc3 Rd4 27. Rd1 Rxd1 28. Rxd1 Nd6 29. Qf4 Qf8 30. Ne4 Nxe4 31. Bxe4 Bc8 32. Bxc6 Bc5 33. Bd5 Kh8 34. Qc7 Bd6 35. Qf7 Qd8 36. e7 Bxe7 37. Re1 1-0

[Event "11th LCC FIDE Open 2019"]
[Site "London"]
[Date "2019.11.30"]
[Round "3.35"]
[White "Deaconu, Mihai-Ionut"]
[Black "Cordes, Hans-Joerg"]
[Result "1-0"]
[ECO "E32"]
[WhiteElo "1957"]
[BlackElo "2188"]
[Annotator "RC"]
[PlyCount "75"]
[EventDate "2019.11.29"]
[EventType "swiss"]
[EventCountry "ENG"]
[SourceTitle "playchess.com"]
[Source "ChessBase"]
[SourceQuality "1"]
[TimeControl "40/5400+30:1800+30"]

1. d4 Nf6 2. c4 e6 3. Nc3 Bb4 4. Qc2 O-O 5. a3 Bxc3+ 6. Qxc3 b6 7. Nf3 Bb7 8. Bg5 d6 9. g3 Nbd7 10. Bg2 h6 11. Bc1 c5 12. O-O Rc8 13. b4 cxd4 14. Qxd4 Bxf3 15. exf3 Ne5 16. c5 bxc5 17. bxc5 Rxc5 18. f4 Nc4 19. Rb1 Qa5 20. Rb4 Rfc8 21. f5 e5 22. Qh4 Qd8 23. g4 d5 24. Rb3 Na5 25. Rb1 Rc4 26. f4 Qc7 27. Bb2 Qb6+ 28. Kh1 Rb8 29. fxe5 Nxg4 30. Qg3 Ne3 31. Bd4 Nxf1 32. Rxf1 Rxd4 33. f6 g6 34. e6 Rf8 35. e7 Re8 36. Qxg6+ fxg6 37. f7+ Kh7 38. fxe8=Q 1-0

[Event "11th LCC FIDE Open 2019"]
[Site "London"]
[Date "2019.11.30"]
[Round "3.36"]
[White "Royal, Shreyas"]
[Black "Brozel, Sacha"]
[Result "1-0"]
[ECO "E11"]
[WhiteElo "1941"]
[BlackElo "2188"]
[Annotator "RC"]
[PlyCount "46"]
[EventDate "2019.11.29"]
[EventType "swiss"]
[EventCountry "ENG"]
[SourceTitle "playchess.com"]
[Source "ChessBase"]
[SourceQuality "1"]
[TimeControl "40/5400+30:1800+30"]

1. d4 Nf6 2. c4 e6 3. g3 Bb4+ 4. Bd2 c5 5. Bxb4 cxb4 6. Bg2 O-O 7. Nf3 d6 8. O-O a5 9. a3 Na6 10. axb4 Nxb4 11. Nc3 b6 12. Rc1 Bb7 13. Nd2 Bxg2 14. Kxg2 Rc8 15. Na4 Qc7 16. Nf3 Rfd8 17. Qb3 e5 18. c5 e4 19. Ng5 b5 20. Nb6 Rb8 21. cxd6 Qxb6 22. Qxf7+ Kh8 23. Rc7 Ne8 1-0

[Event "11th LCC FIDE Open 2019"]
[Site "London"]
[Date "2019.11.30"]
[Round "3.49"]
[White "John, Joshua"]
[Black "Marusenko, Petr"]
[Result "1/2-1/2"]
[ECO "D16"]
[WhiteElo "1680"]
[BlackElo "2085"]
[Annotator "NA RC"]
[PlyCount "107"]
[EventDate "2019.11.29"]
[EventType "swiss"]
[EventCountry "ENG"]
[SourceTitle "playchess.com"]
[Source "ChessBase"]
[SourceQuality "1"]
[TimeControl "40/5400+30:1800+30"]

1. d4 d5 2. Nf3 Nf6 3. c4 c6 4. Nc3 dxc4 5. a4 e6 6. Ne5 c5 7. e3 cxd4 8. exd4 Nc6 9. Nxc6 bxc6 10. Bxc4 Bd6 11. Bg5 Rb8 12. Rb1 Qc7 13. h4 Nd5 14. O-O Rb4 15. Qe2 O-O 16. Rfc1 Nf4 17. Bxf4 Bxf4 18. Rc2 Rd8 19. Rd1 Bd6 20. Ne4 Qe7 21. Nxd6 Qxd6 22. b3 Qf4 23. Qd2 Qxd2 24. Rdxd2 Kf8 25. Kf1 Ke7 26. Ke2 a5 27. Ke3 Kd6 28. Rc3 Kc7 29. Be2 Kb6 30. Bf3 Bb7 31. Bd1 Rd6 32. Rc4 Rxc4 33. bxc4 c5 34. Rb2+ Kc7 35. Rb5 cxd4+ 36. Kd3 Bxg2 37. Rxa5 Bf1+ 38. Be2 Bxe2+ 39. Kxe2 d3+ 40. Kd2 Rd4 41. Ra7+ Kd6 42. Rxf7 Rxc4 43. Rxg7 Rxh4 44. Kxd3 h5 45. a5 Ra4 46. Rg5 h4 47. Rh5 h3 48. f3 e5 49. Rxh3 Kd5 50. a6 Rxa6 51. Rh4 Ra1 52. Ke3 Re1+ 53. Kf2 Rd1 54. Ke3 {[%emt 0:00:35] Ke4+ Kxe4} 1/2-1/2

[Event "11th LCC FIDE Open 2019"]
[Site "London"]
[Date "2019.11.30"]
[Round "3.50"]
[White "Tanmay Chopra"]
[Black "Varsha Ramesh"]
[Result "1-0"]
[ECO "D40"]
[WhiteElo "2082"]
[BlackElo "1669"]
[Annotator "NA RC"]
[PlyCount "99"]
[EventDate "2019.11.29"]
[EventType "swiss"]
[EventCountry "ENG"]
[SourceTitle "playchess.com"]
[Source "ChessBase"]
[SourceQuality "1"]
[TimeControl "40/5400+30:1800+30"]

1. Nf3 Nf6 2. c4 c5 3. Nc3 Nc6 4. e3 e6 5. d4 d5 6. a3 Be7 7. dxc5 Bxc5 8. b4 Be7 9. Be2 O-O 10. cxd5 exd5 11. O-O Be6 12. Bb2 h6 13. Nd4 Nxd4 14. Qxd4 b6 15. Rfd1 Qc7 16. Ba6 Ng4 17. Qxg7+ Kxg7 18. Nxd5+ Qe5 19. Bxe5+ Nxe5 20. Nxe7 Kh7 21. Nd5 Bf5 22. f3 Kh8 23. e4 Bd7 24. f4 Ng6 25. g3 Bg4 26. Re1 Rad8 27. Nf6 Bh3 28. Red1 Kg7 29. e5 Be6 30. Kf2 Ne7 31. Rac1 Nf5 32. Bd3 Bb3 33. Rd2 Nd4 34. Bc4 Bxc4 35. Rxc4 Ne6 36. Rxd8 Rxd8 37. f5 Ng5 38. h4 Nh7 39. Nxh7 Kxh7 40. Rc7 Kg8 41. Ke3 a5 42. bxa5 bxa5 43. Rc5 Ra8 44. a4 Kf8 45. Ke4 Ke7 46. Rc7+ Kf8 47. f6 Rb8 48. Kf5 Ra8 49. g4 Rb8 50. g5 1-0

[Event "11th LCC FIDE Open 2019"]
[Site "London"]
[Date "2019.11.30"]
[Round "3.51"]
[White "Coote, Trevor D"]
[Black "Nergard, Ole-Kristian"]
[Result "1-0"]
[ECO "A43"]
[WhiteElo "2075"]
[BlackElo "1639"]
[Annotator "NA RC"]
[PlyCount "74"]
[EventDate "2019.11.29"]
[EventType "swiss"]
[EventCountry "ENG"]
[SourceTitle "playchess.com"]
[Source "ChessBase"]
[SourceQuality "1"]
[TimeControl "40/5400+30:1800+30"]

1. d4 Nf6 2. Nc3 c5 3. d5 e6 4. e4 exd5 5. exd5 d6 6. Nf3 Bg4 7. h3 Bxf3 8. Qxf3 Nbd7 9. Be2 Be7 10. O-O O-O 11. Qg3 Re8 12. a4 a6 13. f4 Qc7 14. Qf3 h6 15. g4 Nh7 16. Ne4 f5 17. Ng3 fxg4 18. hxg4 c4 19. Nf5 Bf6 20. c3 b5 21. axb5 axb5 22. Be3 Nc5 23. Rxa8 Rxa8 24. Qg2 Qd8 25. Bxc5 dxc5 26. d6 Kh8 27. Qd5 Rc8 28. Ra1 Nf8 29. Ra7 Qe8 30. d7 Nxd7 31. Qxd7 Rd8 32. Qxe8+ Rxe8 33. Kf2 Rd8 34. Ke3 Re8+ 35. Kf3 Rd8 36. Rb7 b4 37. cxb4 Rd2 1-0

[Event "11th LCC FIDE Open 2019"]
[Site "London"]
[Date "2019.11.30"]
[Round "3.53"]
[White "Zymberi, Astrit"]
[Black "Lovell, William Pm"]
[Result "1/2-1/2"]
[ECO "D20"]
[WhiteElo "2148"]
[BlackElo "1843"]
[Annotator "ChessBase"]
[PlyCount "74"]
[EventDate "2019.11.29"]
[EventType "swiss"]
[EventCountry "ENG"]
[SourceTitle "playchess.com"]
[Source "ChessBase"]
[SourceQuality "1"]
[TimeControl "40/5400+30:1800+30"]

1. d4 d5 2. c4 dxc4 3. e4 e5 4. Nf3 Bb4+ 5. Nc3 exd4 6. Nxd4 Bxc3+ 7. bxc3 Qe7 8. f3 Nf6 9. Bxc4 O-O 10. Qb3 c5 11. Qa3 Nxe4 12. O-O Nxc3 13. Bd2 Qe5 14. Nb3 Ne2+ 15. Kh1 Nf4 16. Rfe1 Qf6 17. Nxc5 Nc6 18. Ne4 Qd4 19. Bb3 Nd3 20. Be3 Qb4 21. Bxf7+ Rxf7 22. Qxd3 Bf5 23. Bd2 Bxe4 24. Rxe4 Qb6 25. Rae1 Qd8 26. Qc4 Qd7 27. Bc3 Kh8 28. Qe2 Rff8 29. Qb2 Rad8 30. h4 Rf7 31. h5 h6 32. Re6 Kh7 33. Rg6 Qd5 34. Rxg7+ Rxg7 35. Bxg7 Qxh5+ 36. Kg1 Qc5+ 37. Kf1 Qc4+ 1/2-1/2

[Event "11th LCC FIDE Open 2019"]
[Site "London"]
[Date "2019.11.30"]
[Round "3.54"]
[White "Mugalu, Hassan"]
[Black "Rushbrooke, Remy"]
[Result "1-0"]
[ECO "A47"]
[WhiteElo "1836"]
[BlackElo "2053"]
[Annotator "NA RC"]
[PlyCount "117"]
[EventDate "2019.11.29"]
[EventType "swiss"]
[EventCountry "ENG"]
[SourceTitle "playchess.com"]
[Source "ChessBase"]
[SourceQuality "1"]
[TimeControl "40/5400+30:1800+30"]

1. d4 Nf6 2. Nf3 e6 3. Bf4 c5 4. c3 b6 5. e3 Bb7 6. Nbd2 Be7 7. Bd3 O-O 8. Rc1 {[%emt 0:00:43] A47: 1 d4 Nf6 2 Nf3 b6: Torre, London and Colle Systems} (8. Qe2 Nc6 9. a3 Rc8 10. e4 d6 11. O-O Qc7 12. h3 e5 13. dxe5 Nxe5 14. Nxe5 dxe5 15. Bh2 Rcd8 {1-0 (29) Radjabov,T (2784)-Tomashevsky,E (2738) Moscow 2012}) 8... cxd4 9. cxd4 d6 10. Bb1 Nh5 $146 ({Predecessor:} 10... Nbd7 11. h3 Ba6 12. a3 Re8 13. Nc4 Qb8 14. Qa4 Bb7 15. Ncd2 {1-0 (61) Kubiniok,S (1458)-Lipus,D (1490) Karvina 2017}) 11. Qc2 f5 12. Bg3 Nd7 13. Qc7 Rc8 14. Qxd8 Rxc1+ 15. Ke2 Nxg3+ 16. hxg3 Bxd8 17. Rxc1 e5 18. Ke1 e4 19. Ng1 Nf6 20. Ne2 Rf7 21. a3 Rc7 22. Rxc7 Bxc7 23. Nf4 Kf7 24. Ba2+ d5 25. Ne2 g5 26. Nc3 Ke6 27. Bb3 Ng4 28. Nf1 Nf6 29. f3 Ba6 30. f4 Bc4 31. Bxc4 dxc4 32. Nd2 Nd5 33. Nxc4 Nxc3 34. bxc3 b5 35. Ne5 Kd5 36. Kd2 Bd6 37. Nf7 Bxa3 38. Nxg5 h6 39. Nf7 Bf8 40. Ne5 a5 41. Kc2 a4 42. Kb2 h5 43. Kc2 Bd6 44. Nd7 Be7 45. Kb2 Kc4 46. Ne5+ Kd5 47. Ng6 Bd6 48. Nh4 Ke6 49. Ng6 Kd5 50. Ne5 Be7 51. Kc2 Bf8 52. Ng6 Bd6 53. Ne5 Ba3 54. Ng6 b4 55. cxb4 Bxb4 56. Nh4 Kc4 57. Kb2 Bf8 $11 58. Nxf5 Kd3 59. d5 1-0